 Dungeon Crawl Stone Soup version 0.28.0-49-g6dfe1f597d (webtiles) character file.

Game seed: 747137004369134691

12279 pkoi the Zephyrmancer (level 11, -2/89 HPs)
             Began as a Demigod Air Elementalist on May 19, 2022.
             Slain by Urug
             ... wielding a +2 great sword
              (17 damage)
             ... on level 1 of the Lair of Beasts.
             The game lasted 00:23:54 (21952 turns).

pkoi the Zephyrmancer (Demigod Air Elementalist)   Turns: 21952, Time: 00:23:55

Health: -2/89      AC:  6    Str:  9    XL:     11   Next: 34%
Magic:  9/24       EV: 18    Int: 29    God:
Gold:   589        SH:  0    Dex: 14    Spells: 3/22 levels left

rFire   . . .      SeeInvis .   v - +8 woodcutter's axe {vorpal}
rCold   + . .      Faith    .   (no shield)
rNeg    . . .      Spirit   .   j - +2 robe {rC+}
rPois   .          Reflect  .   y - +2 hat
rElec   .          Harm     .   (no cloak)
rCorr   .          Rampage  .   (no gloves)
Will    +....                   (no boots)
Stlth   ++........              (no amulet)
HPRegen 0.24/turn               k - ring of wizardry
MPRegen 0.19/turn               p - +4 ring of evasion

@: no status effects
A: high MP 1, forlorn, divine attributes
a: no special abilities


You were on level 1 of the Lair of Beasts.
You visited 2 branches of the dungeon, and saw 11 of its levels.

You collected 589 gold pieces.

Inventory:

Hand Weapons
 c - a +0 dagger
 d - a +0 dagger of protection
 n - a +2 halberd of venom
 v - the +8 woodcutter's axe (weapon) {vorpal}
   (You found it on level 4 of the Dungeon)

   It inflicts extra damage upon your enemies.
 A - a +3 dagger of venom
Armour
 a - a +1 helmet
 j - a +2 robe of cold resistance (worn)
 y - a +2 hat (worn)
Jewellery
 k - a ring of wizardry (left hand)
 l - a +6 ring of strength
 m - a ring of resist corrosion
 p - a +4 ring of evasion (right hand)
 D - a ring of protection from cold
Wands
 i - a wand of flame (45)
 C - a wand of digging (7)
Scrolls
 e - a scroll of summoning
 f - 5 scrolls of identify
 q - a scroll of brand weapon
 t - 4 scrolls of amnesia
 w - a scroll of blinking {unknown}
 x - 4 scrolls of teleportation
 z - a scroll of magic mapping
Potions
 b - 2 potions of flight
 g - a potion of cancellation
 h - 2 potions of might
 o - 3 potions of haste
 r - 3 potions of attraction
 s - 5 potions of curing
 u - a potion of ambrosia {unknown}


   Skills:
 + Level 5.9 Fighting
 + Level 6.2 Dodging
 - Level 3.0 Stealth
 + Level 6.3 Unarmed Combat
 - Level 6.0 Spellcasting
 + Level 6.6 Conjurations
 + Level 3.5 Translocations
 + Level 3.0 Transmutations
 + Level 8.1 Air Magic
 - Level 3.0 Evocations


You had 3 spell levels left.
You knew the following spells:

 Your Spells              Type           Power      Damage    Failure   Level
a - Shock                 Conj/Air       100%       1d9       1%          1
b - Static Discharge      Conj/Air       51%        N/A       1%          2
c - Swiftness             Air            54%        N/A       1%          3
d - Airstrike             Air            27%        N/A       1%          4
e - Iskenderun's Mystic   Conj/Tloc      38%        2d9       2%          4
f - Irradiate             Conj/Tmut      18%        3d20      9%          5

Your spell library contained the following spells:

 Spells                   Type           Power      Damage    Failure   Level
 Beastly Appendage        Tmut           52%        N/A       1%          1
 Magic Dart               Conj           100%       1d8       1%          1
 Searing Ray              Conj           94%        2d7       1%          2
 Wereblood                Tmut           26%        N/A       1%          2
 Dazzling Flash           Conj/Hex       54%        N/A       1%          3
 Gell's Gravitas          Tloc           29%        N/A       1%          3
 Stone Arrow              Conj/Erth      54%        3d10      1%          3
 Teleport Other           Tloc           29%        N/A       1%          3
 Sublimation of Blood     Necr           8%         N/A       3%          2
 Spider Form              Tmut/Pois      17%        N/A       3%          3
 Fulminant Prism          Conj/Hex       13%        3d9       6%          4
 Petrify                  Tmut/Erth      17%        N/A       12%         4
 Animate Dead             Necr           4%         N/A       22%         4
 Summon Forest            Summ/Tloc      9%         N/A       28%         5
 Dispersal                Tloc           14%        N/A       58%         6
 Starburst                Conj/Fire      13%        6d6       63%         6
 Eringya's Noxious Bog    Tmut/Pois      8%         N/A       86%         6
 Statue Form              Tmut/Erth      11%        N/A       86%         6
 Haunt                    Necr/Summ      4%         N/A       100%        7
 Summon Hydra             Summ           4%         N/A       100%        7
 Infestation              Necr           4%         N/A       100%        8


Dungeon Overview and Level Annotations

Branches:
Dungeon (10/15)            Temple (0/1) D:5            Lair (1/6) D:8
    Orc: D:9-12

Annotations:
D:3 2 transporters
D:8 3 runed translucent doors, SuperSeabass's ghost, novice HuCA
Lair:1 Urug


Innate Abilities, Weirdness & Mutations

You have an increased reservoir of magic. (+10% MP)
You shall have no god before yourself.
Your divine heritage dramatically boosts your attributes as you level up.


Message History

Unknown command.
Casting: Static Discharge (safe; 1% risk of failure)
Confirm with . or Enter, or press ? or * to list all spells.
Urug is struck by an arc of lightning!
Urug is heavily wounded.
You are struck by an arc of lightning.
* * * LOW HITPOINT WARNING * * *
Urug is struck by an arc of lightning.
Urug is heavily wounded.
The lightning grounds out.
Urug hits you with a +2 great sword!!
* * * LOW HITPOINT WARNING * * *
Unknown command.
Casting: Static Discharge (safe; 1% risk of failure)
Confirm with . or Enter, or press ? or * to list all spells.
Urug is struck by an arc of lightning.
Urug is heavily wounded.
The lightning grounds out.
Urug misses you.
Unknown command.
Unknown command.
Casting: Static Discharge (safe; 1% risk of failure)
Confirm with . or Enter, or press ? or * to list all spells.
Urug is struck by an arc of lightning!
Urug is severely wounded.
You are struck by an arc of lightning.
* * * LOW HITPOINT WARNING * * *
The lightning grounds out.
Urug hits you with a +2 great sword.
* * * LOW HITPOINT WARNING * * *
Unknown command.
Casting: Static Discharge (safe; 1% risk of failure)
Confirm with . or Enter, or press ? or * to list all spells.
Urug is struck by an arc of lightning!
Urug is almost dead.
You are struck by an arc of lightning.
* * * LOW HITPOINT WARNING * * *
Urug is struck by an arc of lightning.
Urug is almost dead.
You are struck by an arc of lightning.
* * * LOW HITPOINT WARNING * * *
The lightning grounds out.
Urug hits you with a +2 great sword!
You die...

####.............#
#............### ##
#............## #.##
#...........#.# ....##
##..........### .....#
## ##.........# #.....#
.#
#..####..#####.......
## ##.# #### #o..(....
# #.###### ##@.......
###......####.........
##.....................
#......######..........
##......# ###........
#......## #........
###.#### ####....# ###
#.### ##


You could see Urug.

Vanquished Creatures
  A boulder beetle (D:6)
  A hydra (Lair:1)
  A wizard (D:9)
  A rime drake (Lair:1)
  3 komodo dragons (Lair:1)
  A polar bear (Lair:1)
  A troll (D:6)
  Prince Ribbit (Lair:1)
  7 blink frogs (Lair:1)
  A centaur simulacrum (D:10)
  A vampire (D:10)
  A wyvern (D:10)
  12 yaks
  A steam dragon (D:8)
  Menkaure (D:4)
  Edmund (D:6)
  6 water moccasins
  A sky beast (D:7)
  A black bear (Lair:1)
  An ice beast (D:7)
  5 orc warriors
  14 wolves (Lair:1)
  2 centaurs
  5 ogres
  2 phantoms (D:5)
  Blork the orc (D:5)
  A kobold brigand (D:8)
  7 bullfrogs
  A scorpion (D:4)
  A water moccasin skeleton (D:4)
  4 wights (D:5)
  5 howler monkeys
  A centaur zombie (D:5)
  A crimson imp (D:9)
  A bullfrog zombie (D:5)
  3 orc priests
  3 hounds
  3 jellies
  2 centaur skeletons
  2 iguanas
  7 orc wizards
  A killer bee zombie (D:8)
  A howler monkey zombie (D:8)
  9 adders
  4 gnolls (D:2)
  A white imp (D:6)
  5 worms
  5 dart slugs
  22 orcs
  8 endoplasms
  3 giant cockroaches
  8 goblins
  10 hobgoblins
  5 jackals (D:1)
  5 quokkas
  7 ball pythons
  11 bats
  5 frilled lizards
  10 kobolds
  6 rats
241 creatures vanquished.

Vanquished Creatures (others)
  7 fungi
  12 plants
19 creatures vanquished.

Grand Total: 260 creatures vanquished

Notes
Turn   | Place    | Note
-------+----------+-------------------------------------------
     0 | D:1      | pkoi the Demigod Air Elementalist began the quest for the
                  | Orb.
     0 | D:1      | Reached XP level 1. HP: 14/14 MP: 5/5
   145 | D:1      | Reached skill level 3 in Air Magic
   325 | D:1      | Reached XP level 2. HP: 20/20 MP: 4/7
   328 | D:1      | Learned a level 2 spell: Static Discharge
   649 | D:1      | Reached skill level 1 in Conjurations
  1585 | D:1      | Reached XP level 3. HP: 26/26 MP: 4/8
  2159 | D:2      | Learned a level 3 spell: Swiftness
  3006 | D:2      | Reached skill level 4 in Air Magic
  3006 | D:2      | Reached XP level 4. HP: 27/33 MP: 3/10
  3023 | D:2      | Reached skill level 1 in Unarmed Combat
  4846 | D:3      | Found a transporter.
  5108 | D:3      | Found a transporter.
  5413 | D:3      | Reached XP level 5. HP: 38/38 MP: 6/11
  5618 | D:4      | Noticed an ogre
  5626 | D:3      | Killed an ogre
  6400 | D:4      | Reached XP level 6. HP: 31/45 MP: 5/13
  6541 | D:4      | Reached skill level 5 in Air Magic
  6767 | D:4      | Learned a level 4 spell: Airstrike
  7154 | D:4      | Found the +8 woodcutter's axe {vorpal}
  7180 | D:4      | Noticed Menkaure
  7189 | D:4      | Killed Menkaure
  7419 | D:4      | Reached XP level 7. HP: 51/51 MP: 11/14
  7425 | D:4      | Reached skill level 1 in Fighting
  7888 | D:5      | Entered Level 5 of the Dungeon
  7938 | D:5      | Found a staircase to the Ecumenical Temple.
  9061 | D:5      | Noticed Blork the orc
  9070 | D:5      | Killed Blork the orc
  9071 | D:5      | Reached XP level 8. HP: 37/61 MP: 4/16
  9345 | D:5      | Reached skill level 6 in Air Magic
 10098 | D:6      | Noticed Edmund
 10109 | D:6      | Killed Edmund
 10477 | D:6      | Noticed a troll
 10532 | D:6      | Killed a troll
 10725 | D:6      | Noticed a boulder beetle
 10742 | D:6      | Killed a boulder beetle
 10743 | D:6      | Reached XP level 9. HP: 7/71 MP: 2/19
 11907 | D:7      | Learned a level 4 spell: Iskenderun's Mystic Blast
 11911 | D:7      | Reached skill level 5 in Conjurations
 12844 | D:8      | Reached skill level 7 in Air Magic
 12921 | D:8      | Reached skill level 5 in Unarmed Combat
 12921 | D:8      | Reached skill level 5 in Spellcasting
 13049 | D:8      | Reached skill level 5 in Dodging
 13147 | D:8      | Found a runed translucent gate.
 13148 | D:8      | Noticed SuperSeabass's ghost (novice HuCA)
 13149 | D:8      | Found a runed translucent gate.
 13151 | D:8      | Found a runed translucent gate.
 13151 | D:8      | Identified the +3 chain mail of Good Intentions {Harm SInv}
 13218 | D:8      | Found a staircase to the Lair.
 13697 | D:8      | Reached skill level 1 in Translocations
 13697 | D:8      | Reached skill level 1 in Evocations
 13698 | D:8      | Reached XP level 10. HP: 64/80 MP: 10/21
 14728 | D:9      | Noticed a wizard
 14731 | D:9      | Killed a wizard
 14935 | D:9      | Learned a level 5 spell: Irradiate
 15634 | D:10     | Entered Level 10 of the Dungeon
 15872 | D:10     | Reached skill level 5 in Fighting
 16647 | D:10     | Reached skill level 1 in Transmutations
 17740 | Lair:1   | Entered Level 1 of the Lair of Beasts
 18956 | Lair:1   | Reached XP level 11. HP: 77/88 MP: 9/23
 19664 | Lair:1   | Noticed a six-headed hydra
 19668 | Lair:1   | Killed a six-headed hydra
 19964 | Lair:1   | Reached skill level 8 in Air Magic
 20387 | Lair:1   | Got the Tome of Gliding Earth
 21265 | Lair:1   | Noticed Prince Ribbit
 21267 | Lair:1   | Killed Prince Ribbit
 21939 | Lair:1   | Noticed Urug
 21952 | Lair:1   | Slain by Urug

Illustrated notes

Levels and vault maps discovered:
D:1:      lemuel_arrival_muddy, layout_loops_ring, columned_hall_lemuel,
          minmay_misc_feat_four_crosses
D:2:      layout_loops_ring, hellmonk_ecumenical_altar_prayer_group,
          minmay_misc_feat_cross
D:3:      gammafunk_steamed_eel, layout_loops_ring, minmay_puff
D:4:      layout_cave_pools, uniq_menkaure
D:5:      layout_rooms, minmay_temple_entry_crystal_x, grunt_decor_cap,
          uniq_blork_the_orc
D:6:      layout_rooms, grunt_decor_mini_mirrors, uniq_edmund
D:7:      layout_basic
D:8:      layout_rooms, nicolae_overflow_hidden_temple,
          grunt_lair_entry_orc_guard_hut, biasface_ghost_orc_armoury
D:9:      layout_roguey, kennysheep_slug_shrine, lightli_wizard_tower
D:10:     layout_loops_ring, nicolae_ru_sacrificial_ziggurat, minmay_microvault
Lair:1:   layout_cave_pods, serial_bayou_pond_d, beast_lair_carwin_4,
          grunt_megastairs_5, infiniplex_staircase_pool_2, uniq_urug,
          uniq_prince_ribbit2

Skill      XL: |  1  2  3  4  5  6  7  8  9 10 11 |
---------------+----------------------------------+-----
Air Magic      | 3 4 5 6 7 8 |  8.1
Conjurations   | 1 2 3 4 5 6 |  6.6
Spellcasting   | 2 3 4 5 6 |  6.0
Unarmed Combat | 1 2 3 4 5 6 |  6.3
Dodging        | 2 3 4 5 6 |  6.2
Fighting       | 2 3 4 5 |  5.9
Stealth        | 2 3 |  3.0
Translocations | 1 2 3 |  3.5
Evocations     | 1 2 3 |  3.0
Transmutations | 2 3 |  3.0

Action                   |  1- 3 |  4- 6 |  7- 9 | 10-12 || total
-------------------------+-------+-------+-------+-------++-------
Melee: Unarmed           |     1 |       |       |       ||     1
       Dagger            |    26 |       |       |       ||    26
       Halberd           |       |    23 |       |       ||    23
       War axe           |       |       |    30 |    19 ||    49
       Punch             |       |       |     3 |       ||     3
 Cast: Shock             |    96 |   120 |   171 |   135 ||   522
       Static Discharge  |     2 |     8 |    37 |    41 ||    88
       Airstrike         |       |       |    13 |    54 ||    67
  Use: Scroll            |       |       |    16 |     5 ||    21
       Potion            |       |       |     1 |       ||     1
 Stab: Sleeping          |       |       |       |     2 ||     2
Armor: Robe              |     2 |    11 |     8 |    12 ||    33
Dodge: Dodged            |    34 |    32 |    71 |    88 ||   225
